Map: Dusty Gorge

Players

Throwfordays - Winner!

  • Race: Protoss Protoss
  • League: Bronze
  • Spawn Location: 9:00

Cthulhu - Winner!

  • Race: Protoss Protoss
  • Spawn Location: 11:00

SSOJ

  • Race: Zerg Zerg
  • Spawn Location: 3:00

CHICHI

  • Race: Terran Terran
  • Spawn Location: 5:00

VOD

Have the link to the VOD?

Description

Time

  • Played on: Jan. 27, 2019, 9:41 p.m.
  • Length: 9:29
Show
View Real Time Build Order
Export as new Build Order

Throwfordays Protoss - Winner!

Build Orders:  

Get SALT Encoding   

  12  0:17  Probe  
  13  0:29  Probe  
  13  0:33  Pylon  
  14  0:41  Probe  
  15  0:54  Probe  
  16  1:06  Probe  
  16  1:07  Nexus  
  17  1:13  Pylon  
  17  1:27  Gateway  
  17  1:33  Assimilator  
  17  1:39  Assimilator  
  17  1:42  Pylon  
  17  1:50  Probe  
  18  1:58  Probe  
  18  2:07  Probe  
  19  2:14  Cybernetics Core  
  20  2:18  Gateway  
  20  2:19  Probe  
  20  2:20  Warp Gate  
  21  2:26  Probe  
  22  2:31  Probe  
  23  2:38  Probe  
  23  2:44  Probe  
  25  2:50  Probe  
  26  3:02  Probe x2  
  28  3:07  Stargate  
  28  3:11  Probe  
  28  3:14  Probe  
  30  3:20  Probe  
  31  3:28  Assimilator  
  31  3:29  Probe  
  31  3:33  Assimilator, Probe  
  33  3:41  Probe  
  34  3:45  Probe  
  35  3:53  Probe  
  36  3:57  Probe  
  36  4:02  Gateway  
  37  4:03  Gateway  
  37  4:05  Probe  
  37  4:09  Oracle, Probe  
  42  4:15  Stalker  
  42  4:16  Stalker  
  46  4:17  Probe  
  46  4:21  Probe  
  48  4:29  Probe  
  49  4:33  Probe  
  50  4:39  Stalker x2  
  54  4:55  Pylon  
  54  4:56  Pylon  
  54  5:02  Nexus  
  54  5:13  Oracle, Probe  
  58  5:50  Pylon, Stalker  
  58  5:51  Stalker x2  
  58  5:52  Stalker  
  66  6:01  Probe  
  67  6:05  Pylon  
  67  6:22  Probe  
  68  6:26  Probe  
  68  6:28  Probe  
  68  6:32  Assimilator  
  70  6:36  Assimilator  
  70  6:38  Probe  
  71  6:40  Probe  
  72  6:50  Probe  
  72  6:52  Probe  
  71  7:02  Probe  
  71  7:04  Probe  
  70  7:09  Protoss Air Weapons Level 1  
  70  7:12  Forge  
  70  7:14  Probe  
  70  7:15  Forge  
  70  7:16  Probe  
  70  7:19  Pylon  
  70  7:21  Pylon  
  64  7:26  Pylon  
  64  7:27  Stalker x4  
  64  7:29  Void Ray  
  75  7:32  Pylon  
  75  7:35  Pylon  
  73  7:47  Adept x2  
  73  7:48  Adept x2  
  81  8:06  Stalker x4  
  81  8:12  Void Ray  
  76  8:38  Adept x4  
  78  8:52  Probe  
  79  9:02  Nexus  
  79  9:04  Probe  
  80  9:16  Probe  
  81  9:18  Stargate  
  81  9:20  Stargate  
  81  9:22  Stargate  
Show
View Real Time Build Order
Export as new Build Order

Cthulhu Protoss - Winner!

Build Orders:  

Get SALT Encoding   

  1  0:00  Probe  
  13  0:07  Probe  
  14  0:20  Pylon  
  14  0:23  Probe  
  15  0:42  Gateway  
  15  0:44  Probe  
  15  0:47  Pylon  
  16  0:56  Probe  
  17  0:59  Assimilator  
  17  1:08  Probe  
  18  1:20  Probe  
  19  1:31  Cybernetics Core  
  19  1:34  Zealot, Probe  
  22  1:42  Probe  
  22  1:46  Assimilator  
  23  2:02  Gateway  
  23  2:04  Probe  
  23  2:10  Stalker  
  23  2:12  Probe  
  25  2:21  Gateway  
  26  2:28  Pylon  
  26  2:35  Gateway, Warp Gate  
  26  2:46  Stalker  
  26  2:51  Stalker  
  30  3:07  Probe  
  30  3:11  Stalker  
  33  3:14  Stalker  
  35  3:31  Pylon  
  35  3:37  Stalker  
  35  3:38  Stalker  
  39  4:02  Nexus  
  39  4:23  Pylon  
  39  4:27  Forge  
  37  5:35  Stalker x4  
  45  5:45  Twilight Council  
  45  6:02  Stalker x4  
  51  7:01  Protoss Ground Weapons Level 1  
  51  7:02  Blink  
  51  7:04  Probe  
  52  7:13  Probe  
  52  7:14  Stalker x3  
  58  7:22  Probe  
  60  7:34  Probe  
  61  7:47  Stalker x3  
  61  7:48  Stalker  
  69  7:54  Pylon  
  69  8:11  Pylon  
  51  8:38  Stalker x4  
  59  8:45  Robotics Facility  
  59  8:46  Robotics Facility  
  57  8:49  Pylon  
  57  8:57  Gateway x2  
  57  8:59  Gateway  
Show
View Real Time Build Order
Export as new Build Order

SSOJ Zerg 

Build Orders: Pool First 

Get SALT Encoding   

  12  0:02  Drone  
  13  0:08  Drone  
  14  0:18  Overlord  
  14  0:37  Spawning Pool  
  14  0:42  Drone  
  14  0:46  Drone  
  14  0:47  Drone  
  16  1:00  Drone  
  17  1:07  Extractor  
  17  1:11  Drone  
  17  1:21  Drone  
  17  1:24  Queen  
  20  1:38  Roach Warren  
  20  1:39  Drone  
  20  1:43  Drone  
  21  1:58  Zergling x2  
  22  2:10  Lair  
  22  2:33  Hatchery  
  21  2:40  Zergling x2  
  22  2:57  Overlord  
  22  3:16  Overlord  
  22  3:17  Overlord  
  22  3:23  Hatchery  
  21  3:32  Spire  
  20  3:35  Extractor  
  20  3:40  Drone x4  
  20  3:41  Drone  
  24  3:57  Drone x2  
  26  4:06  Extractor  
  26  4:07  Extractor  
  24  4:24  Drone x2  
  26  4:31  Drone x3  
  31  4:38  Queen  
  31  4:40  Drone  
  33  4:58  Zergling x4  
  31  5:06  Zergling x4  
  33  5:11  Zergling x2  
  33  5:12  Zergling x4  
  31  5:37  Drone  
  32  5:49  Overlord x3  
  30  6:17  Hatchery  
  29  6:21  Mutalisk x3  
  34  6:38  Overlord  
  34  6:39  Overlord x2  
  6  7:41  Overlord  
  6  7:50  Overlord  
  6  8:09  Drone x2  
Show
View Real Time Build Order
Export as new Build Order

CHICHI Terran 

Build Orders:  

Get SALT Encoding   

  12  0:01  SCV  
  13  0:13  SCV  
  14  0:23  Supply Depot  
  14  0:36  SCV  
  15  0:48  SCV  
  16  0:55  Barracks  
  16  1:00  SCV  
  17  1:13  SCV  
  18  1:21  Command Center  
  18  1:25  SCV  
  19  1:44  Supply Depot  
  19  1:45  Refinery  
  19  1:55  SCV, Barracks  
  20  2:07  SCV  
  21  2:13  Marine  
  22  2:19  SCV  
  23  2:31  Marine  
  24  2:43  Refinery, Orbital Command  
  24  2:44  Marine  
  24  2:49  Marine, Factory  
  26  2:54  SCV  
  27  3:02  Marine  
  28  3:06  SCV  
  28  3:07  Marine  
  28  3:09  SCV  
  31  3:21  SCV  
  32  3:28  Marine x2  
  32  3:32  Factory Tech Lab  
  32  3:33  SCV  
  35  3:34  Starport  
  35  3:43  Supply Depot  
  35  3:45  SCV  
  35  3:46  Barracks Tech Lab  
  35  3:48  Marine  
  37  3:51  SCV  
  38  4:03  SCV  
  38  4:05  Siege Tank  
  42  4:13  Medivac  
  44  4:18  SCV  
  44  4:22  Marine  
  44  4:23  Marine, Refinery  
  47  4:30  SCV  
  48  4:37  Barracks  
  48  4:59  Stimpack  
  48  5:04  Medivac  
  48  5:05  Marine  
  45  5:32  Engineering Bay  
  45  5:42  SCV  
  45  5:47  Viking  
  45  5:49  Marine  
  47  5:50  Marine x2  
  47  5:54  SCV  
  47  5:55  Supply Depot  
  51  6:02  Siege Tank  
  54  6:12  Supply Depot  
  54  6:16  Marine x2, SCV  
  54  6:17  Viking  
  59  6:28  SCV  
  50  6:59  Missile Turret  
  44  7:15  SCV  
  44  7:18  Missile Turret  
  44  7:25  Siege Tank  
  44  7:26  Marine x2  
  44  7:27  Marine, SCV  
  44  7:29  SCV  
  52  7:34  Missile Turret  
  52  7:38  Missile Turret  
  52  7:40  SCV  
  52  7:41  SCV  
  52  7:43  Marine  
  55  7:44  Marine  
  55  7:45  Marine  
  57  7:52  SCV  
  57  7:53  SCV  
  59  8:04  SCV  
  61  8:05  SCV  
  60  8:17  SCV  
  34  8:46  Marine x3  
  34  8:48  Siege Tank  
  39  8:51  SCV  
  38  9:03  SCV  
  38  9:04  Marine  
  37  9:15  SCV  
Tags
 
Add a new tag
Caveats
  • Supply blocks, unpowered buildings, or Contaminate may cause inaccurate times.
  • Supply counts are checked every 10 seconds.